 Dungeon Crawl Stone Soup version 0.15-a0-1995-g7e6aeab (webtiles) character file.

140 Charly the Insei (level 5, -4/25 HPs)
             Began as a Vine Stalker Transmuter on July 11, 2014.
             Slain by Edmund
             ... wielding a +7 dire flail of protection
              (20 damage)
             ... on Level 4 of the Dungeon.
             The game lasted 00:10:08 (786 turns).

Charly the Insei (Vine Stalker Transmuter)           Turns: 786, Time: 00:10:09

HP  -4/25        AC  2     Str 14      XL: 5   Next: 23%
MP   0/11        EV 12     Int 13      God:
Gold 110         SH  0     Dex 14      Spells:  2 memorised,  5 levels left

rFire  . . .     SeeInvis .     b - 26 arrows
rCold  . . .     Clarity  .     c - +0 robe
rNeg   . . .     rCorr    .     (no shield)
rPois  .         rRot     +     (no helmet)
rElec  .         Spirit   +     (no cloak)
SustAb .         Warding  .     (no gloves)
rMut   .         Stasis   .     (no boots)
Gourm  .                        (no amulet)
MR     .....                    (no ring)
                                (no ring)

@: very slightly contaminated, not resistant to hostile enchantments, very
unstealthy
A: fangs 2, regeneration 1, magic shield, antimagic bite, no device heal 3, rot
immunity
a: no special abilities


You were on level 4 of the Dungeon.
You were hungry.

You visited 1 branch of the dungeon, and saw 4 of its levels.

You collected 110 gold pieces.

Inventory:

Missiles
 b - 26 arrows (in hand)
Armour
 c - a +0 robe (worn)
Comestibles
 a - 2 bread rations
 f - a meat ration
Scrolls
 i - a scroll of enchant armour {unknown}
 j - 2 scrolls of amnesia {unknown}
Potions
 e - a potion of magic {unknown}
 g - a potion of curing
 h - a potion of confusion {unknown}
 k - a potion of restore abilities {unknown}
Books
 d - a book of Changes

   Spells                             Type                      Level
   *Beastly Appendage                 Transmutation                1
   *Sticks to Snakes                  Transmutation                2
   Spider Form                        Transmutation/Poison         3
   Ice Form                           Ice/Transmutation            4
   Blade Hands                        Transmutation                5


   Skills:
 - Level 0.8 Fighting
 - Level 1.5 Dodging
 + Level 5.3 Unarmed Combat
 - Level 2.1 Spellcasting
 + Level 2.8 Transmutations


You had 5 spell levels left.
You knew the following spells:

 Your Spells              Type           Power        Failure   Level  Hunger
a - Beastly Appendage     Trmt           #.....       10%         1    ##.....
s - Sticks to Snakes      Trmt           #.........   14%         2    ###....


Dungeon Overview and Level Annotations

Branches:
Dungeon (4/15)
 Temple: D:4-7

Altars:
Gozag
Makhleb
Nemelex Xobeh
Sif Muna

Annotations:
D:4 Edmund


Innate Abilities, Weirdness & Mutations

You have extremely sharp teeth.
Your natural rate of healing is unusually fast.
When hurt, damage is shared between your health and your magic reserves.
Your bite disrupts and absorbs the magic of your enemies.
Potions and wands cannot restore your health.
You are immune to rotting.


Message History

Casting: Sticks to Snakes
Confirm with . or Enter, or press ? or * to list all spells.
You create a snake!
You are feeling hungry.
Casting: Sticks to Snakes
Confirm with . or Enter, or press ? or * to list all spells.
You miscast Sticks to Snakes.
You are very lightly contaminated with residual magic.
Your hands glow momentarily.
Casting: Sticks to Snakes
Confirm with . or Enter, or press ? or * to list all spells.
You create a snake!
You feel sick.
You are no longer poisoned.
Casting: Sticks to Snakes
Confirm with . or Enter, or press ? or * to list all spells.
You create a snake!
Edmund hits you with a runed dire flail!!
Ouch! That really hurt!
You die...

#. ##. .# ..# .#
#.. .. .##... #.
#.=....
#.###........
#.S#[........
..####SS.........
#..#..@@........#
#.....S..#....##
#.......###....
.##......## #...
#........# ...
##.......# .#
##......# #<##
##......## ##...#
#........###..#


You could see Edmund and 4 friendly ball pythons.

Vanquished Creatures
  A worker ant (D:4)
  Ijyb (D:2)
  3 adders
  2 worms (D:2)
  2 oozes (D:1)
  2 bats
  2 giant cockroaches (D:1)
  3 hobgoblins
  3 jackals (D:3)
  A quokka (D:2)
  2 giant newts
  3 goblins
  A hobgoblin skeleton (D:3)
  3 kobolds
  2 orc skeletons (D:4)
  7 rats
38 creatures vanquished.

Vanquished Creatures (collateral kills)
  Jessica (D:2)
  An adder (D:2)
  A giant cockroach (D:2)
  2 bats
5 creatures vanquished.

Grand Total: 43 creatures vanquished

Notes
Turn   | Place    | Note
--------------------------------------------------------------
     0 | D:1      | Charly, the Vine Stalker Transmuter, began the quest for the Orb.
     0 | D:1      | Reached XP level 1. HP: 9/9 MP: 3/3
    90 | D:1      | Reached XP level 2. HP: 14/14 MP: 5/5
    95 | D:1      | Learned a level 2 spell: Sticks to Snakes
   225 | D:2      | Noticed Ijyb
   265 | D:1      | Reached XP level 3. HP: 9/17 MP: 7/7
   271 | D:1      | Reached skill level 4 in Unarmed Combat
   352 | D:2      | Killed Ijyb
   366 | D:2      | Noticed Jessica
   391 | D:2      | Killed Jessica
   391 | D:2      | Reached XP level 4. HP: 12/21 MP: 4/8
   530 | D:3      | Found an opulent altar of Gozag.
   584 | D:3      | Found a sparkling altar of Nemelex Xobeh.
   637 | D:3      | Found a deep blue altar of Sif Muna.
   637 | D:3      | Found a burning altar of Makhleb.
   706 | D:4      | Reached skill level 5 in Unarmed Combat
   706 | D:4      | Reached XP level 5. HP: 15/25 MP: 11/11
   776 | D:4      | Noticed Edmund
   786 | D:4      | Slain by Edmund

Action                   |  1- 3 |  4- 6 || total
-------------------------+-------+-------++-------
Melee: Unarmed           |    89 |    71 ||   160
 Cast: Sticks to Snakes  |     5 |     6 ||    11
  Use: Scroll            |     3 |       ||     3
